 Dungeon Crawl Stone Soup version 0.31-a0-7-g51783674b7 (webtiles) character file.

Game seed: 14952406498224922056

11409 jasper the Grappler (level 11, -20/92 HPs)
             Began as a Demonspawn Cinder Acolyte on May 5, 2023.
             Was an Initiate of Ignis.
             Demolished by a boulder beetle (43 damage)
             ... on level 12 of the Dungeon.
             The game lasted 00:14:34 (8493 turns).

jasper the Grappler (Demonspawn Cinder Acolyte)     Turns: 8493, Time: 00:14:35

Health: -20/92     AC: 10    Str: 16    XL:     11   Next: 48%
Magic:  12/12      EV:  9    Int: 19    God:    Ignis [......]
Gold:   1300       SH:  0    Dex: 10    Spells: 12/12 levels left

rFire   + +          .
                       - Unarmed
rCold   . . .        (no shield)
rNeg    . . .        F - +2 scale mail {rPois}
rPois   +            (helmet unavailable)
rElec   .            (no cloak)
rCorr   .            B - +0 pair of gloves
SInv    +            (no boots)
Will    +....        D - amulet of regeneration
Stlth   +            e - ring of protection from fire
HPRegen 1.15/turn    r - ring of willpower
MPRegen 0.13/turn

%: no passive effects
@: about to teleport
A: antennae 3, thin skeletal structure 1, powered by death 2, spiny 2
a: Renounce Religion, Rising Flame


You were on level 12 of the Dungeon.
You worshipped Ignis.
Ignis was noncommittal.
You visited 1 branch of the dungeon, and saw 12 of its levels.

You collected 1498 gold pieces.
You spent 198 gold pieces at shops.

Inventory:

Missiles
 g - 6 datura-tipped darts
 h - 68 stones (quivered)
 m - 3 javelins
 o - 5 throwing nets
 s - 13 poisoned darts
 L - 6 silver javelins
Armour
 a - a +0 robe
 f - a +1 ring mail
 y - a +2 kite shield of poison resistance
 B - a +0 pair of gloves (worn)
 F - a +2 scale mail of poison resistance (worn)
Jewellery
 e - a ring of protection from fire (left hand)
 k - a ring of wizardry
 r - a ring of willpower (right hand)
 D - an amulet of regeneration (around neck)
 H - a ring of willpower
 N - a ring of see invisible
 Q - an amulet of the acrobat
Wands
 x - a wand of digging (5)
 E - a wand of paralysis (5)
 G - a wand of iceblast (18)
 K - a wand of polymorph (4)
 M - a wand of flame (18)
Scrolls
 c - a scroll of poison
 w - a scroll of vulnerability
 C - 2 scrolls of amnesia
 P - 2 scrolls of identify
Potions
 b - 5 potions of attraction
 d - 4 potions of ambrosia
 i - 3 potions of cancellation
 j - a potion of resistance
 n - 2 potions of invisibility
 p - 9 potions of curing
 t - a potion of mutation
 u - 2 potions of haste
 v - 2 potions of lignification
 z - a potion of brilliance {unknown}
 A - 3 potions of flight {unknown}
 I - a potion of degeneration {unknown}
 O - a potion of heal wounds {unknown}


   Skills:
 + Level 10.6 Fighting
 + Level 5.2 Armour
 * Level 13.3 Unarmed Combat
 - Level 1.0 Spellcasting
 - Level 2.6 Fire Magic


You had 12 spell levels left.
You didn't know any spells.
Your spell library contained the following spells:

 Spells                   Type           Power      Damage    Failure   Level
 Scorch                   Fire           22%        2d5       30%         2
 Magic Dart               Conj           0%         1d3       52%         1
 Call Imp                 Summ           0%         N/A       67%         2
 Cigotuvi's Dreadful Rot  Necr/Pois/Air  0%         N/A       67%         2
 Inner Flame              Hex/Fire       6%         N/A       71%         3
 Ignite Poison            Fire/Tmut/Pois 4%         N/A       78%         3
 Mephitic Cloud           Conj/Pois/Air  0%         N/A       88%         3
 Alistair's Intoxication  Tmut/Pois      0%         N/A       100%        5
 Borgnjor's Vile Clutch   Necr/Erth      0%         N/A       100%        5
 Freezing Cloud           Conj/Ice/Air   0%         6-21      100%        5
 Yara's Violent Unravell  Hex/Tmut       0%         3d3       100%        5
 Eringya's Noxious Bog    Tmut/Pois      0%         N/A       100%        6
 Enfeeble                 Hex            0%         N/A       100%        7


Dungeon Overview and Level Annotations

Branches:
Dungeon (13/15)              Lair (0/5) D:9             Orc (0/2) D:9
 Temple: D:4-7       Vaults: D:13-14

Altars:
Cheibriados
Nemelex Xobeh
Okawaru
Uskayaw
Wu Jian

Shops:
D:5 *   D:6 =   D:12 !

Annotations:
D:13 Snorg


Innate Abilities, Weirdness & Mutations

You have a pair of large antennae on your head. (SInv)
You have a somewhat thin skeletal structure. (Dex +2, Stealth+)
You regenerate health from kills.
You are mostly covered in sharp spines.


Message History

The acid dragon is almost dead.
The acid dragon bites you. The acid dragon barely misses you.
You take 4 damage, and have 52/92 hp.
You hit the acid dragon but do no damage.
The acid dragon is almost dead.
The acid dragon bites you! The acid dragon barely misses you.
You take 8 damage, and have 44/92 hp.
You barely miss the acid dragon.
The acid dragon is almost dead.
You barely miss the acid dragon.
The acid dragon is almost dead.
The acid dragon is struck by your spines.
You kill the acid dragon!
The cyclops throws a large rock.
The large rock hits you!!!
* * * LOW HITPOINT WARNING * * *
You take 37 damage, and have 8/92 hp.
MASSIVE DAMAGE!!
Okay, then.
As you read the scroll of fear, it crumbles to dust.
You assume a fearsome visage.
The cyclops resists with some effort.
You regained 2 hp, and now have 10/92 hp.
Okay, then.
As you read the scroll of teleportation, it crumbles to dust.
You feel strangely unstable. The cyclops is struck by your spines.
The cyclops barely misses you.
You punch the cyclops!
The cyclops is heavily wounded.
You punch the cyclops!
The cyclops is severely wounded.
Your surroundings suddenly seem different.
A boulder beetle comes into view.
The boulder beetle curls into a ball and begins rolling!
As you read the scroll of teleportation, it crumbles to dust.
You feel strangely unstable.
You feel better.
You regained 7 hp, and now have 22/92 hp.
Aiming: Paralyse
Press: ? - help, Shift-Dir - straight line, f - boulder beetle
Aim: a boulder beetle (rolling, chance to affect: 31%)
The boulder beetle easily resists.
The boulder beetle hits you!!!
You die...

#########
#...@...#
#...B...#
#...○...+
#...°...#
#...°...#
#.......#
#.......#
####....#


You could see a boulder beetle (rolling).

Vanquished Creatures
  A boulder beetle (D:12)
  A centaur warrior (D:13)
  3 two-headed ogres
  An efreet (D:13)
  A troll (D:7)
  A wraith (D:13)
  A vampire (D:12)
  5 yaks (D:9)
  A basilisk (D:13)
  4 wyverns (D:9)
  4 vampire mosquitoes (D:12)
  2 steam dragons
  A warg (D:9)
  An acid dragon (D:12)
  4 water moccasins
  The ghost of HilariousDeathArtist the Digger, an amateur SpEE of Wu Jian (D:5)
  6 orc warriors
  An ice beast (D:5)
  3 sky beasts
  4 black bears
  4 ogres
  2 wolves (D:9)
  4 centaurs
  3 phantoms
  2 kobold brigands
  5 bullfrogs
  2 gnoll sergeants (D:10)
  A scorpion (D:9)
  A water moccasin zombie (D:5)
  10 wights
  A wyvern skeleton (D:5)
  3 howler monkeys
  A hound (D:4)
  4 jellies
  7 orc priests
  Ijyb (D:4)
  A bullfrog skeleton (D:5)
  A sleepcap (D:6)
  6 iguanas
  10 orc wizards
  11 gnolls
  6 adders
  A shadow imp (D:6)
  2 white imps
  An ufetubus (D:6)
  2 worms
  29 orcs
  9 endoplasms
  3 giant cockroaches
  6 goblins
  4 hobgoblins (D:1)
  4 jackals (D:2)
  20 kobolds
  5 quokkas
  5 ball pythons
  6 bats
  6 rats
235 creatures vanquished.

Vanquished Creatures (others)
  19 foxfires (D:12)
  8 plants
27 creatures vanquished.

Grand Total: 262 creatures vanquished

Notes
Turn   | Place    | Note
-------+----------+-------------------------------------------
     0 | D:1      | jasper the Demonspawn Cinder Acolyte began the quest for
                  | the Orb.
     0 | D:1      | Reached XP level 1. HP: 18/18 MP: 2/2
   192 | D:1      | Reached skill level 3 in Unarmed Combat
   265 | D:1      | Gained mutation: You regenerate a little health from kills.
                  | [demonic ancestry]
   265 | D:1      | Reached XP level 2. HP: 23/24 MP: 3/3
  1150 | D:2      | Gained mutation: You have a somewhat thin skeletal
                  | structure. (Dex +2, Stealth+) [demonic ancestry]
  1150 | D:2      | Reached XP level 3. HP: 29/29 MP: 4/4
  1336 | D:2      | Reached skill level 4 in Unarmed Combat
  1338 | D:2      | Reached XP level 4. HP: 37/37 MP: 5/5
  2539 | D:4      | Gained mutation: You have a pair of small antennae on your
                  | head. [demonic ancestry]
  2539 | D:4      | Reached XP level 5. HP: 19/42 MP: 6/6
  2729 | D:4      | Noticed a phantom
  2749 | D:4      | Killed a phantom
  2750 | D:4      | Reached skill level 5 in Unarmed Combat
  2823 | D:4      | Noticed a phantom
  2827 | D:4      | Gained mutation: You have a pair of antennae on your head.
                  | [demonic ancestry]
  2827 | D:4      | Reached XP level 6. HP: 49/49 MP: 7/7
  2913 | D:4      | Noticed Ijyb
  2933 | D:4      | Killed Ijyb
  3000 | D:4      | Reached skill level 5 in Fighting
  3000 | D:4      | Reached skill level 6 in Unarmed Combat
  3246 | D:5      | Entered Level 5 of the Dungeon
  3288 | D:5      | Gained mutation: You are partially covered in sharp spines.
                  | [demonic ancestry]
  3288 | D:5      | Reached XP level 7. HP: 48/56 MP: 8/8
  3699 | D:5      | Reached skill level 7 in Unarmed Combat
  3949 | D:5      | Gained mutation: You are mostly covered in sharp spines.
                  | [demonic ancestry]
  3949 | D:5      | Reached XP level 8. HP: 64/64 MP: 9/9
  4019 | D:5      | Noticed HilariousDeathArtist's ghost (amateur SpEE)
  4021 | D:5      | Found a runed translucent gate.
  4021 | D:5      | Found a runed translucent gate.
  4021 | D:5      | Found a runed translucent gate.
  4152 | D:5      | Found Beak's Serpentskin Sales.
  4158 | D:5      | Bought a +2 scale mail of poison resistance for 198 gold
                  | pieces
  4435 | D:5      | Killed HilariousDeathArtist's ghost
  4439 | D:5      | Reached skill level 8 in Unarmed Combat
  4589 | D:6      | HP: 2/65 [ogre/+0 giant club (15)]
  4662 | D:6      | Reached skill level 9 in Unarmed Combat
  5050 | D:6      | Found Uploh's Jewellery Shop.
  5068 | D:6      | Gained mutation: You regenerate health from kills. [demonic
                  | ancestry]
  5068 | D:6      | Reached XP level 9. HP: 72/72 MP: 10/10
  5087 | D:6      | Found an iron altar of Okawaru.
  5087 | D:6      | Found an ornate altar of the Wu Jian Council.
  5088 | D:6      | Found a sparkling altar of Nemelex Xobeh.
  5575 | D:7      | Reached skill level 10 in Unarmed Combat
  5896 | D:7      | Found a hide-covered altar of Uskayaw.
  5899 | D:7      | Found a snail-covered altar of Cheibriados.
  6005 | D:7      | Noticed a troll
  6010 | D:7      | Killed a troll
  6198 | D:8      | Reached skill level 11 in Unarmed Combat
  6280 | D:8      | Identified a scroll of acquirement
  6280 | D:8      | Acquired 963 gold pieces
  6760 | D:8      | Reached skill level 1 in Armour
  6760 | D:8      | Gained mutation: You have a pair of large antennae on your
                  | head. (SInv) [demonic ancestry]
  6760 | D:8      | Reached XP level 10. HP: 78/82 MP: 11/11
  6826 | D:9      | Found a staircase to the Lair.
  6988 | D:9      | Noticed a two-headed ogre
  6994 | D:9      | Killed a two-headed ogre
  6995 | D:9      | Reached skill level 12 in Unarmed Combat
  7013 | D:9      | Found a staircase to the Orcish Mines.
  7111 | D:9      | Noticed a two-headed ogre
  7122 | D:9      | Killed a two-headed ogre
  7124 | D:9      | Reached skill level 10 in Fighting
  7124 | D:9      | Reached XP level 11. HP: 20/90 MP: 12/12
  7544 | D:10     | Entered Level 10 of the Dungeon
  7995 | D:10     | You fall into a shaft and drop 3 floors!
  8003 | D:13     | Noticed a necromancer
  8003 | D:13     | Noticed a six-headed hydra
  8003 | D:13     | Noticed a purple ugly thing
  8003 | D:13     | Found the +2 Maxwell's thermic engine {flame, freeze, rev}
  8099 | D:13     | Noticed a +0 short sword
  8100 | D:13     | Noticed a +0 short sword
  8100 | D:13     | Noticed a +0 falchion
  8100 | D:13     | Noticed a +0 spear
  8101 | D:13     | Noticed a +0 dagger
  8101 | D:13     | Noticed a +0 falchion
  8102 | D:13     | Noticed a +0 spear
  8103 | D:13     | Noticed a +0 dagger
  8105 | D:13     | Noticed a centaur warrior
  8106 | D:13     | Found a hide-covered altar of Uskayaw.
  8106 | D:13     | Noticed a two-headed ogre
  8116 | D:13     | Killed a centaur warrior
  8139 | D:13     | Noticed Snorg
  8180 | D:12     | Noticed a two-headed ogre
  8194 | D:12     | Killed a two-headed ogre
  8195 | D:12     | Reached skill level 13 in Unarmed Combat
  8254 | D:12     | Reached skill level 5 in Armour
  8265 | D:12     | Noticed a boulder beetle
  8298 | D:12     | Killed a boulder beetle
  8471 | D:12     | Found Zadyoton's Distillery.
  8490 | D:12     | Noticed a boulder beetle
  8493 | D:12     | Demolished by a boulder beetle

Illustrated notes

Levels and vault maps discovered:
D:1:      ncdulo_watergridlock, layout_loops_ring, serial_forest,
          infiniplex_forest_corner_1, infiniplex_forest_lined_room_2,
          infiniplex_forest_fountain, infiniplex_forest_end_3,
          infiniplex_forest_clump_small, infiniplex_forest_end_2
D:2:      layout_basic
D:3:      layout_loops_ring
D:4:      black_bear_nest_1, layout_basic, minmay_temple_entry_glassed_door,
          uniq_ijyb
D:5:      layout_loops_corners, gammafunk_ghost_necromancy,
          kennysheep_nondescript, guppyfry_shop_venom
D:6:      layout_loops_cross, gammafunk_temple_overflow_claw, serial_shops,
          kennysheep_mini
D:7:      layout_basic, grunt_temple_overflow_diamond, reono_crystal_passage
D:8:      layout_loops_ring
D:9:      layout_roguey, minmay_lair_entry_grove, david_orc_3, minivault_27
D:10:     layout_roguey, st_stairs_8
D:12:     layout_irregular_city, serial_shops, shop
D:13:     minmay_the_grid_octo_tiled_squarecenter_mashed
          [minmay_the_grid_octo_empty, minmay_the_grid_octo_vomiting_pacman,
          minmay_the_grid_octo_fan_narrow, minmay_the_grid_octo_pinwheel,
          minmay_the_grid_square_5x5_megaprize_open,
          minmay_the_grid_square_5x5_doubleslash,
          minmay_the_grid_square_5x5_comb, minmay_the_grid_square_5x5_forky,
          minmay_the_grid_square_5x5_plus], layout_rooms,
          gauntlet_entry_generic, nicolae_uskayaw_en_pointe, uniq_snorg

Skill      XL: |  1  2  3  4  5  6  7  8  9 10 11 |
---------------+----------------------------------+-----
Unarmed Combat | 3 4 5 6 7 9 11 12 13 | 13.3
Fighting       | 4 5 6 7 8 10 | 10.6
Armour         | 1 4 5 |  5.2
Spellcasting   | |  1.0
Fire Magic     | |  2.6

Action                     |  1- 3 |  4- 6 |  7- 9 | 10-12 || total
---------------------------+-------+-------+-------+-------++-------
  Melee: Unarmed           |   141 |   175 |   243 |   252 ||   811
         Punch             |     1 |    10 |    17 |    21 ||    49
  Throw: Stone             |       |     7 |       |       ||     7
 Invoke: Fiery Armour      |     2 |     3 |     4 |     3 ||    12
         Foxfire Swarm     |       |       |       |     1 ||     1
  Evoke: Wand              |       |       |     2 |     3 ||     5
    Use: Scroll            |     3 |     4 |     7 |    11 ||    25
         Potion            |       |       |       |     3 ||     3
   Stab: Sleeping          |       |     4 |       |       ||     4
         Paralysed         |       |       |     4 |       ||     4
 Armour: Robe              |     5 |       |       |       ||     5
         Ring mail         |    47 |    61 |    12 |       ||   120
         Scale mail        |       |       |    81 |    91 ||   172
  Dodge: Dodged            |    65 |    82 |    78 |   105 ||   330

Table legend: (Time is in decaauts)
 A = Elapsed time spent in this place.
 B = Non-inter-level travel time spent in this place.
 C = Inter-level travel time spent in this place.
 D = Time resting spent in this place.
 E = Time spent auto-exploring this place.
 F = Levels seen in this place.
 G = Mean time per level.
                   A        B        C        D        E       F      G
               +--------+--------+--------+--------+--------+-----+--------+
         Total |   8379 |   8234 |    145 |    238 |   6101 |  12 |  698.2 |
       Dungeon |   8379 |   8234 |    145 |    238 |   6101 |  12 |  698.2 |
               +--------+--------+--------+--------+--------+-----+--------+

Top non-repeatable levels by time:
     D:5: 1227 daAuts
     D:1: 901 daAuts
     D:6: 840 daAuts
     D:2: 829 daAuts
     D:3: 770 daAuts
     D:7: 755 daAuts
     D:4: 720 daAuts
     D:8: 703 daAuts
     D:9: 695 daAuts
    D:10: 441 daAuts
    D:12: 352 daAuts
    D:13: 141 daAuts
